 Dungeon Crawl Stone Soup version 0.25-a0-591-g2ad0d861f1 (webtiles) character file.

Game seed: 17124721853716245377, levelgen mode: deterministic

109 Devinter the Poker (level 4, 0/35 HPs)
             Began as a Merfolk Skald on Mar 13, 2020.
             Slain by a hobgoblin
             ... wielding a cursed -2 club
             ... led by Robin
              (5 damage)
             ... on level 2 of the Dungeon on Mar 14, 2020.
             The game lasted 00:14:41 (1307 turns).

Devinter the Poker (Merfolk Skald)                  Turns: 1307, Time: 00:14:43

Health: 0/35       AC:  8    Str: 11    XL:     4   Next: 90%
Magic:  4/7        EV: 13    Int: 12    God:
Gold:   117        SH:  0    Dex: 14    Spells: 1/7 levels left

rFire    . . .     SeeInvis .   a - +0 spear
rCold    . . .     Gourm    .   (no shield)
rNeg     . . .     Faith    .   b - +0 leather armour
rPois    .         Spirit   .   (no helmet)
rElec    .         Reflect  .   (no cloak)
rCorr    .         Harm     .   (no gloves)
MR       .....                  (no boots)
Stlth    +.........             (no amulet)
HPRegen  0.11/turn              (no ring)
MPRegen  0.10/turn              (no ring)

@: icy armour
A: change form in water, swift swim, stealthy swim
a: no special abilities


You were on level 2 of the Dungeon.
You were not hungry.

You visited 1 branch of the dungeon, and saw 2 of its levels.

You collected 117 gold pieces.

Inventory:

Hand Weapons
 a - a +0 spear (weapon)
 k - a +0 halberd
Missiles
 f - 6 boomerangs (quivered)
 l - 25 arrows
Armour
 b - a +0 leather armour (worn)
 j - a +0 scale mail
Scrolls
 c - 2 scrolls of identify {unknown}
 e - a scroll of blinking {unknown}
 g - a scroll of fog {unknown}
 h - 2 scrolls of remove curse {unknown}
 i - a scroll of teleportation {unknown}
Comestibles
 d - 3 rations


   Skills:
 + Level 3.0 Fighting
 * Level 4.6 Polearms
 - Level 1.0 Armour
 + Level 3.6 Dodging
 - Level 2.0 Spellcasting
 + Level 3.9 Charms
 + Level 0.7 Ice Magic


You had one spell level left.
You knew the following spells:

 Your Spells              Type           Power        Failure   Level  Hunger
a - Infusion              Chrm           ##..         7%          1    ##.....
b - Shroud of Golubria    Chrm/Tloc      #.....       24%         2    ###....
c - Ozocubu's Armour      Chrm/Ice       #.......     38%         3    ####...

Your spell library contained the following spells:

 Spells                   Type           Power        Failure   Level  Hunger
 Song of Slaying          Chrm           ##......     11%         2    ###....
 Spectral Weapon          Hex/Chrm       #.......     43%         3    ####...


Dungeon Overview and Level Annotations

Branches:
Dungeon (2/15)

Altars:
The Shining One

Annotations:
D:2 Robin


Message History

Aim: a goblin You hit the goblin.
You kill the goblin!
Robin closely misses you.
You hit the hobgoblin.
The hobgoblin is lightly wounded.
Robin roars a battlecry!
The hobgoblin goes into a battle-frenzy!
You hear a shout!
You hit the hobgoblin.
The hobgoblin is almost dead.
A goblin comes into view. It is wielding a +0 dagger.
Robin hits you but does no damage. The hobgoblin barely misses you.
You barely miss the hobgoblin.
The hobgoblin is almost dead.
The hobgoblin barely misses you.
Robin roars a battlecry!
The goblins go into a battle-frenzy!
The hobgoblin hits you with a cursed -2 club.
You die...

##.## #..#.#.......#
♣...###.#.###.......
♣.#gg..##..#.......#
♣...###).##.##....##
♣g.#.##
#g#######..## ♣..
#.# #..# #....# #
#.# #)#.# #.###.#
#g####.##.#.# #.#♣


#g@)ggg# #.#####).. ######.###.†)..)).♣ #............♣ #####....##.#.
#........## #.###.##### # ##...###) #.....#.# #.......# You could see Robin, 3
hobgoblins and a goblin.

Vanquished Creatures
  An orc priest (D:2)
  4 gnolls (D:2)
  An adder (D:2)
  2 orcs (D:2)
  12 goblins
  5 hobgoblins
  A bat (D:2)
  3 frilled lizards
  2 kobolds (D:2)
  3 rats (D:1)
34 creatures vanquished.

Notes
Turn   | Place    | Note
-------+----------+-------------------------------------------
     0 | D:1      | Devinter the Merfolk Skald began the quest for the Orb.
     0 | D:1      | Reached XP level 1. HP: 16/16 MP: 3/3
   142 | D:1      | Upgraded the game from 0.25-a0-589-g1e14c549ee to
                  | 0.25-a0-591-g2ad0d861f1
   287 | D:1      | Reached XP level 2. HP: 20/23 MP: 5/5
   291 | D:1      | Learned a level 2 spell: Shroud of Golubria
   425 | D:1      | Reached skill level 3 in Dodging
   695 | D:2      | Reached skill level 1 in Armour
   695 | D:2      | Reached XP level 3. HP: 28/28 MP: 6/6
   726 | D:2      | Reached skill level 4 in Polearms
   731 | D:2      | Learned a level 3 spell: Ozocubu's Armour
   807 | D:2      | Reached XP level 4. HP: 22/34 MP: 4/7
   932 | D:2      | Found a glowing golden altar of the Shining One.
  1015 | D:2      | Reached skill level 3 in Fighting
  1268 | D:2      | Noticed Robin
  1307 | D:2      | Slain by a hobgoblin

Levels and vault maps discovered:
D:1:      dpeg_arrival_arbitrary_c, layout_loops_ring
D:2:      layout_loops_ring, nicolae_tso_carved_into_rock, serial_forest,
          infiniplex_forest_corner_1, infiniplex_forest_lined_corner,
          infiniplex_forest_lined_1, infiniplex_forest_clump_medium,
          infiniplex_forest_clump_small, infiniplex_forest_end_2,
          infiniplex_forest_straight_4, nicolae_underground_beach, uniq_robin

Skill      XL: |  1  2  3  4 |
---------------+-------------+-----
Dodging        | 3 |  3.6
Armour         | 1 |  1.0
Polearms       | 4 |  4.6
Fighting       | 3 |  3.0
Spellcasting   | |  2.0
Charms         | |  3.9
Ice Magic      | |  0.7

Action                   |  1- 3 |  4- 6 || total
-------------------------+-------+-------++-------
Melee: Spear             |    78 |    49 ||   127
Throw: Boomerang         |     6 |     9 ||    15
 Cast: Infusion          |     1 |     1 ||     2
       Shroud of Golubri |     4 |       ||     4
       Ozocubu's Armour  |       |     1 ||     1
 Stab: Sleeping          |     1 |       ||     1
  Eat: Chunk             |       |     2 ||     2
Armor: Leather armour    |     5 |     9 ||    14
Dodge: Dodged            |    28 |    35 ||    63

Table legend:
 A = Non-vault XP
 B = Vault XP
 C = Vault XP percentage of total XP
 D = Non-vault monster count
 E = Vault monster count
 F = Vault count percentage of total count
                 A         B        C        D         E       F
            +---------+---------+-------+---------+---------+-------
      Total |     143 |      14 |   8.9 |      26 |       8 |  23.5
            +---------+---------+-------+---------+---------+-------
        D:1 |      16 |       0 |   0.0 |      11 |       0 |   0.0
        D:2 |     127 |      14 |   9.9 |      15 |       8 |  34.8
            +---------+---------+-------+---------+---------+-------
